 Dungeon Crawl Stone Soup version 0.31-a0-4-gefa6de2278 (webtiles) character file.

Game seed: 16855422744994631857

4 workcheese the Grave Robber (level 1, -1/16 HPs)
             Began as a Hill Orc Necromancer on May 4, 2023.
             Slain by a gnoll
             ... wielding a +0 whip
              (7 damage)
             ... on level 1 of the Dungeon.
             The game lasted 00:00:39 (70 turns).

workcheese the Grave Robber (Hill Orc Necromancer)    Turns: 70, Time: 00:00:39

Health: -1/16      AC:  2    Str: 10    XL:     1   Next: 60%
Magic:  3/3        EV: 12    Int: 15    God:
Gold:   0          SH:  0    Dex: 11    Spells: 2/3 levels left

rFire   . . .        (no weapon)
rCold   . . .        (no shield)
rNeg    . . .        a - +0 robe
rPois   .            (no helmet)
rElec   .            (no cloak)
rCorr   .            (no gloves)
SInv    .            (no boots)
Will    .....        (no amulet)
Stlth   ++           (no ring)
HPRegen 0.22/turn    (no ring)
MPRegen 0.08/turn

%: no passive effects
@: no status effects
A: no striking features
a: no special abilities


You were on level 1 of the Dungeon.
You visited 1 branch of the dungeon, and saw 1 of its levels.

Inventory:

Armour
 a - a +0 robe (worn)
Potions
 b - a potion of magic


   Skills:
 + Level 1.3 Fighting
 - Level 1.5 Dodging
 - Level 1.5 Stealth
 - Level 1.5 Spellcasting
 - Level 4.0 Necromancy


You had 2 spell levels left.
You knew the following spells:

 Your Spells              Type           Power      Damage    Failure   Level
a - Necrotise             Necr           52%        1d6       4%          1

Your spell library contained the following spells:

 Spells                   Type           Power      Damage    Failure   Level
 Vampiric Draining        Necr           13%        2d6       14%         3
 Animate Dead             Necr           13%        N/A       41%         4
 Agony                    Necr           13%        N/A       77%         5


Dungeon Overview and Level Annotations

Branches:
Dungeon (1/15)

Altars:


Message History

The goblin closely misses you.
You hit the goblin.
You kill the goblin!
HP restored.
Magic restored.
Things that are here:
a +0 club; a +0 dagger
Found a dagger.
A kobold comes into view. It is wielding a +0 short sword.
Found a whip.
Found a scroll labelled OMEMOU FIESM.
A giant cockroach comes into view.
The kobold shouts!
You hear a shout!
The giant cockroach moves out of view.
You hit the giant cockroach.
The giant cockroach is lightly wounded.
The giant cockroach misses you.
A gnoll comes into view. It is wielding a +0 whip.
The kobold hits you with a +0 short sword.
You hit the giant cockroach.
The giant cockroach is heavily wounded.
The giant cockroach misses you. The giant cockroach closely misses you.
The kobold misses you.
You hit the giant cockroach but do no damage.
The giant cockroach is heavily wounded.
The giant cockroach barely misses you. The kobold hits you but does no damage.
You barely miss the giant cockroach.
The giant cockroach is heavily wounded.
The giant cockroach barely misses you. The kobold barely misses you.
You barely miss the giant cockroach.
The giant cockroach is heavily wounded.
The giant cockroach bites you.
The kobold hits you with a +0 short sword.
You closely miss the giant cockroach.
The giant cockroach is heavily wounded.
The giant cockroach bites you but does no damage.
The kobold hits you with a +0 short sword.
You are too injured to fight recklessly!
The gnoll attacks as you move away! The gnoll hits you with a +0 whip!
You die...

##.<.###.###
#.....#...#
#.###.#.#.# # ..
.#.#.### #######.#
### #.#...#
....?....
..#.#.###..#...
#.#.#.#.....)####
#.#.#.#..BK......
#.#.#.###@g....#
#.#.#..........
######)###.....#####
....................
..................##
..................#
....................
###..>....$$......##
#.......$....)..#


You could see a gnoll, a giant cockroach and a kobold.

Vanquished Creatures
  A ball python (D:1)
  2 goblins (D:1)
3 creatures vanquished.

Notes
Turn   | Place    | Note
-------+----------+-------------------------------------------
     0 | D:1      | workcheese the Hill Orc Necromancer began the quest for the
                  | Orb.
     0 | D:1      | Reached XP level 1. HP: 14/14 MP: 3/3
    27 | D:1      | Reached skill level 1 in Fighting
    70 | D:1      | Slain by a gnoll

Illustrated notes

Levels and vault maps discovered:
D:1:      psy_arrival_radial02, layout_rooms

Skill      XL: |  1 |
---------------+----+-----
Fighting       | 1 |  1.3
Dodging        | |  1.5
Stealth        | |  1.5
Spellcasting   | |  1.5
Necromancy     | |  4.0

Action                     || total
---------------------------++-------
  Melee: Unarmed           ||    16
   Cast: Necrotise         ||     2
 Armour: Robe              ||     2
  Dodge: Dodged            ||    11

Table legend: (Time is in decaauts)
 A = Elapsed time spent in this place.
 B = Non-inter-level travel time spent in this place.
 C = Inter-level travel time spent in this place.
 D = Time resting spent in this place.
 E = Time spent auto-exploring this place.
 F = Levels seen in this place.
 G = Mean time per level.
                   A        B        C        D        E       F      G
               +--------+--------+--------+--------+--------+-----+--------+
         Total |     70 |     70 |      0 |      0 |     43 |   1 |   70.0 |
       Dungeon |     70 |     70 |      0 |      0 |     43 |   1 |   70.0 |
               +--------+--------+--------+--------+--------+-----+--------+

Top non-repeatable levels by time:
     D:1: 70 daAuts
